 Dungeon Crawl Stone Soup version 0.29-a0-82-g837932c90e (webtiles) character file.

Game seed: 16412125741487642842

16 Armakuni the Charlatan (level 2, -1/22 HPs)
             Began as a Human Wanderer on Feb 4, 2022.
             Slain by a hobgoblin (3 damage)
             ... on level 1 of the Dungeon.
             The game lasted 00:03:58 (1200 turns).

Armakuni the Charlatan (Human Wanderer)             Turns: 1200, Time: 00:03:59

Health: -1/22      AC:  3    Str: 10    XL:     2   Next: 75%
Magic:  0/6        EV: 10    Int: 13    God:
Gold:   39         SH:  4    Dex: 19    Spells: 5/7 levels left

rFire   . . .      SeeInvis .   a - +0 dagger
rCold   . . .      Faith    .   g - +0 buckler
rNeg    . . .      Spirit   .   e - +1 robe
rPois   .          Reflect  .   (no helmet)
rElec   .          Harm     .   (no cloak)
rCorr   .          Rampage  .   (no gloves)
Will    .....                   (no boots)
Stlth   ++........              (no amulet)
HPRegen 0.07/turn               D - +6 ring of dexterity
MPRegen 0.10/turn               (no ring)

@: very slightly contaminated
A: no striking features
a: no special abilities


You were on level 1 of the Dungeon.
You visited 1 branch of the dungeon, and saw 2 of its levels.

You collected 39 gold pieces.

Inventory:

Hand Weapons
 a - a +0 dagger (weapon)
Armour
 e - a +1 robe (worn)
 g - a +0 buckler (worn)
Jewellery
 D - a +6 ring of dexterity (left hand)
Wands
 d - a wand of polymorph (3)


   Skills:
 - Level 1.9 Fighting
 - Level 1.0 Throwing
 - Level 2.0 Stealth
 - Level 3.0 Spellcasting
 + Level 0.3 Air Magic
 + Level 0.3 Poison Magic
 - Level 4.0 Evocations


You had 5 spell levels left.
You knew the following spells:

 Your Spells              Type           Power      Damage    Failure   Level
p - Poisonous Vapours     Pois/Air       4%         N/A       38%         2

Your spell library contained the following spells:

 Spells                   Type           Power      Damage    Failure   Level
 Static Discharge         Conj/Air       2%         N/A       41%         2


Dungeon Overview and Level Annotations

Branches:
Dungeon (2/15)

Altars:

Shops:
D:1 :


Message History

You closely miss the kobold.
The kobold is heavily wounded.
You block the kobold's attack.
You hit the kobold.
The kobold is severely wounded.
The kobold hits you with a +0 short sword.
* * * LOW HITPOINT WARNING * * *
You kill the kobold!
Casting: Poisonous Vapours (quite dangerous; 38% risk of failure)
Confirm with . or Enter, or press ? or * to list all spells.
The spell is quite dangerous to miscast (38% risk of failure)!
Continue anyway?
Aiming: Poisonous Vapours (quite dangerous; 38% risk of failure)
Press: ? - help, Dir - move target, f - hobgoblin
Aim: a hobgoblin You miscast Poisonous Vapours.
You are very lightly contaminated with residual magic.
Nothing appears to happen.
Casting: Poisonous Vapours (quite dangerous; 38% risk of failure)
Confirm with . or Enter, or press ? or * to list all spells.
The spell is quite dangerous to miscast (38% risk of failure)!
Continue anyway? [Y]es or [N]o only, please.
The spell is quite dangerous to miscast (38% risk of failure)!
Continue anyway?
Aiming: Poisonous Vapours (quite dangerous; 38% risk of failure)
Press: ? - help, Dir - move target, f/p - hobgoblin
Aim: a hobgoblin You miscast Poisonous Vapours.
Nothing appears to happen.
The hobgoblin closely misses you.
Casting: Poisonous Vapours (quite dangerous; 38% risk of failure)
Confirm with . or Enter, or press ? or * to list all spells.
The spell is quite dangerous to miscast (38% risk of failure)!
Continue anyway?
Aiming: Poisonous Vapours (quite dangerous; 38% risk of failure)
Press: ? - help, Dir - move target, f/p - hobgoblin
Aim: a hobgoblin You miscast Poisonous Vapours.
Nothing appears to happen.
The hobgoblin hits you.
* * * LOW HITPOINT WARNING * * *
Things that are here:
a +0 short sword; 5 stones; a kobold corpse The hobgoblin hits you.
You die...

#(.# ##.## #.##.#
#..# #.####.##.##
#..#####.##...##..#
#..##.............+
#.....##...........
#.######....)......
#)# ###.#######...
##g####...# #...
#).@....#.#######..♣
#...................
#.......#.######....
#.........# #####
##.######## #.# #.#
#.


You could see a hobgoblin.

Vanquished Creatures
  2 bats (D:1)
  2 endoplasms (D:1)
  2 goblins (D:1)
  3 hobgoblins (D:1)
  A quokka (D:1)
  2 kobolds (D:1)
  2 rats (D:1)
14 creatures vanquished.

Notes
Turn   | Place    | Note
-------+----------+-------------------------------------------
     0 | D:1      | Armakuni the Human Wanderer began the quest for the Orb.
     0 | D:1      | Armakuni set off with the following items: a +0 dagger, an
                  | atropa-tipped dart, 2 datura-tipped darts, a wand of
                  | polymorph (3), a +0 robe; and the following spells
                  | available to memorise: Poisonous Vapours, Static Discharge
     0 | D:1      | Reached XP level 1. HP: 13/13 MP: 4/4
   419 | D:1      | Reached skill level 1 in Fighting
   537 | D:1      | Reached XP level 2. HP: 21/21 MP: 6/6
   786 | D:1      | Learned a level 2 spell: Poisonous Vapours
   806 | D:1      | Found Erapre's Book Boutique.
  1200 | D:1      | Slain by a hobgoblin

Illustrated notes

Levels and vault maps discovered:
D:1:      nicolae_arrival_somewhat_less_tricky_arrival, layout_rooms,
          serial_shops, nicolae_shop_stone, chequers_ecumenical_altar_island
D:2:      layout_basic, basic_altar

Skill      XL: |  1 |
---------------+----+-----
Fighting       | 1 |  1.9
Throwing       | |  1.0
Stealth        | |  2.0
Spellcasting   | |  3.0
Air Magic      | |  0.3
Poison Magic   | |  0.3
Evocations     | |  4.0

Action                   || total
-------------------------++-------
Melee: Dagger            ||    65
Throw: Dart              ||     2
 Cast: Poisonous Vapours ||     1
  Use: Scroll            ||     2
       Potion            ||     1
 Stab: Sleeping          ||     2
       Distracted        ||     1
Armor: Robe              ||    11
Dodge: Dodged            ||    33
Block: Buckler           ||     7

Table legend: (Time is in decaauts)
 A = Elapsed time spent in this place.
 B = Non-inter-level travel time spent in this place.
 C = Inter-level travel time spent in this place.
 D = Time resting spent in this place.
 E = Time spent auto-exploring this place.
 F = Levels seen in this place.
 G = Mean time per level.
                   A        B        C        D        E       F      G
               +--------+--------+--------+--------+--------+-----+--------+
         Total |   1202 |   1202 |      0 |    765 |    180 |   2 |  601.0 |
       Dungeon |   1202 |   1202 |      0 |    765 |    180 |   2 |  601.0 |
               +--------+--------+--------+--------+--------+-----+--------+

Top non-repeatable levels by time:
     D:1: 1200 daAuts
     D:2: 1 daAuts
